AoeStats
← Towernello

Nomad

510348493Analyzed
2v2 RM · 1d ago on Sep 30, 2026· 41m 51s· 4 players
Game mode
Random Map
Map size
176×176
Population
200
Speed
Normal
Resources
Standard
Victory
Conquest
Starting age
Dark Age
Ending age
Imperial Age
RankedLock teamsTeams togetherTeam positionsShared explorationLock speedFull tech treeHidden civsTurbo modeCheats
Victory
Defeat
🇺🇸 Khmer · United States
1328
+13
🇩🇪 Varangians · Germany
1302
+14
🇮🇹 Danes · Italy
1361
-17
🇮🇹 Varangians · Italy
1157
-10
Tattico87
6:23 Loom
13:36 Feudal Age
14:38 Double-Bit Axe
17:34 Castle Age
16:03 Horse Collar
18:49 Forging
18:56 Scale Mail Armor
20:41 Gold Mining
21:11 Bow Saw
21:46 Heavy Plow
25:59 Pikeman
29:44 Iron Casting
30:17 Wheelbarrow
30:08 Arson
31:53 Stone Mining
32:43 Gold Shaft Mining
33:17 Hand Cart
33:20 Squires
34:37 Stone Shaft Mining
38:42 Imperial Age
36:54 Hamask
37:59 Chain Mail Armor
37:14 Man-at-Arms
37:40 Gambesons
38:43 Long Swordsman
Towernello
3:52 Loom
13:36 Feudal Age
14:04 Double-Bit Axe
16:15 Wheelbarrow
19:39 Castle Age
17:42 Gold Mining
18:10 Scale Mail Armor
18:11 Fishing Lines
18:58 Forging
20:30 Pikeman
22:39 Scale Barding Armor
24:24 Bloodlines
25:53 Squires
25:43 Arson
25:57 Horse Collar
28:22 Chain Mail Armor
28:40 Heavy Plow
30:05 Bow Saw
29:48 Stone Mining
30:56 Iron Casting
31:29 Arson
32:17 Hand Cart
39:42 Imperial Age
40:51 Chain Barding Armor
40:35 Halberdier
Azwad
4:27 Loom
12:15 Feudal Age
13:03 Double-Bit Axe
20:01 Wheelbarrow
20:10 Town Watch
23:30 Castle Age
21:55 Scale Barding Armor
22:00 Forging
22:29 Forging
23:19 Bloodlines
23:46 Light Cavalry
25:03 Iron Casting
24:48 Chain Barding Armor
24:22 Gold Mining
24:47 Bow Saw
25:23 Husbandry
26:30 Hand Cart
27:56 Town Patrol
28:05 Fletching
32:00 Imperial Age
32:07 Imperial Age
34:25 Hoardings
37:34 Conscription
^ScArFaCe^
11:23 Loom
13:57 Feudal Age
18:43 Castle Age
16:56 Fishing Lines
18:09 Fletching
19:27 Bodkin Arrow
21:33 Wheelbarrow
20:45 Double-Bit Axe
22:07 Gillnets
24:03 Bow Saw
25:22 Horse Collar
26:33 Squires
30:46 Scale Mail Armor
30:57 Forging
31:43 Chain Mail Armor
34:16 Imperial Age
33:57 Iron Casting
33:34 Arson
34:05 Scale Barding Armor
36:00 Bracer
37:20 Ballistics
38:24 Hand Cart
38:39 Conscription
38:40 Husbandry
39:17 Bloodlines
40:04 Guilds
Connection lost

Rejoining the realm…

Still unreachable

The connection could not be restored.

Session expired

The server has moved on; the page needs a fresh start.